Map: Year Zero LE

Players

MyLifeFrAiur

  • Race: Protoss Protoss
  • League: Master
  • Spawn Location: 1:00

CaiShen - Winner!

  • Race: Zerg Zerg
  • League: Diamond
  • Spawn Location: 11:00

VOD

Have the link to the VOD?

Description

Time

  • Played on: Feb. 2, 2019, 8:57 a.m.
  • Length: 15:18
Show
View Real Time Build Order
Export as new Build Order

MyLifeFrAiur Protoss 

Build Orders: 1 Gate Expand, Oracle Opening, Phoenix Opening, Chargelot Immortal 

Get SALT Encoding   

  12  0:00  Probe  
  13  0:13  Probe  
  14  0:20  Pylon  
  14  0:25  Probe  
  15  0:37  Probe  
  16  0:45  Gateway  
  16  0:46  Probe  
  17  0:56  Probe  
  17  0:57  Assimilator  
  18  1:07  Probe  
  19  1:20  Probe  
  20  1:35  Nexus  
  20  1:52  Cybernetics Core  
  20  1:57  Gateway  
  20  2:02  Probe  
  21  2:10  Pylon  
  21  2:11  Assimilator  
  21  2:17  Probe  
  22  2:28  Adept  
  24  2:34  Stargate  
  24  2:36  Probe  
  25  2:45  Probe, Warp Gate  
  25  2:48  Probe  
  27  2:53  Probe  
  27  2:57  Adept  
  30  2:58  Probe  
  30  3:02  Probe  
  32  3:06  Probe  
  33  3:14  Probe, Adept  
  33  3:17  Probe  
  37  3:21  Phoenix  
  37  3:32  Probe  
  38  3:34  Probe  
  38  3:35  Adept  
  41  3:51  Oracle  
  41  3:52  Probe x2  
  46  4:05  Assimilator  
  46  4:07  Pylon  
  46  4:12  Twilight Council  
  46  4:25  Probe x2  
  46  4:29  Pylon  
  48  4:32  Phoenix  
  48  4:37  Probe x2  
  52  4:40  Gateway  
  52  4:49  Probe x2  
  54  5:01  Probe x2, Phoenix  
  54  5:03  Robotics Facility  
  58  5:07  Charge  
  58  5:13  Probe x2  
  60  5:14  Pylon  
  60  5:16  Pylon  
  60  5:17  Gateway  
  60  5:18  Forge  
  60  5:26  Probe  
  61  5:29  Assimilator  
  61  5:36  Probe  
  61  5:38  Probe  
  63  5:47  Protoss Ground Weapons Level 1  
  63  5:48  Probe  
  64  5:54  Adept x2  
  68  6:06  Immortal  
  68  6:07  Pylon  
  72  6:26  Phoenix  
  72  6:29  Robotics Facility  
  74  6:33  Templar Archives  
  74  6:46  Nexus  
  74  6:49  Pylon  
  74  6:51  Phoenix  
  76  6:56  Gateway  
  76  6:58  Gateway  
  76  7:00  Gateway  
  76  7:01  Gateway  
  76  7:02  Probe  
  76  7:03  Gateway  
  76  7:05  Gateway, Stalker  
  76  7:07  Pylon  
  76  7:08  Pylon  
  79  7:14  Immortal  
  79  7:19  Observer  
  74  7:33  Immortal  
  76  7:44  Stalker  
  76  7:45  Stalker x3  
  82  7:52  Void Ray  
  78  8:02  Stalker x5  
  78  8:04  Zealot  
  81  8:06  Probe x2  
  71  8:18  Probe x2  
  73  8:20  Zealot  
  73  8:21  Zealot  
  77  8:30  Probe  
  77  8:31  Psionic Storm  
  78  8:35  Phoenix  
  80  8:45  High Templar, Zealot x2  
  80  8:46  Zealot  
  88  8:58  High Templar  
  88  9:01  Zealot  
  88  9:02  Zealot x2  
  96  9:11  Probe x2  
  96  9:12  Protoss Ground Weapons Level 2  
  98  9:22  High Templar  
  100  9:25  Zealot  
  100  9:29  Pylon  
  100  9:31  Pylon  
  102  9:48  Pylon  
  102  9:52  Photon Cannon, Pylon, Observer  
  103  9:53  Immortal  
  103  9:57  High Templar  
  109  10:01  Zealot x2  
  113  10:25  High Templar x2, Zealot  
  113  10:26  Zealot  
  113  10:27  Zealot x2  
  101  10:49  Zealot x3  
  105  10:50  High Templar x2  
  105  10:51  Stalker  
  111  11:08  Immortal  
  115  11:18  Zealot x3  
  119  11:19  Zealot x4  
  129  11:27  Pylon  
  129  11:33  Pylon  
  129  11:40  Observer  
  129  11:43  Pylon  
  129  11:44  High Templar x2  
  134  11:55  Pylon  
  134  12:09  High Templar x2, Zealot x2  
  134  12:10  Zealot  
  134  12:11  Zealot x2  
  148  12:21  Phoenix  
  150  12:40  Warp Prism  
  75  13:10  Archon x2  
  75  13:12  Zealot x6  
  77  13:13  High Templar x4  
  79  13:25  Immortal  
  83  13:54  Stalker x3  
  87  13:55  High Templar  
  87  13:56  Zealot x2  
  87  14:02  Stalker  
  89  14:03  Zealot, Stalker  
  68  14:17  Archon  
Show
View Real Time Build Order
Export as new Build Order

CaiShen Zerg - Winner!

Build Orders: Hatch First, Lurkers, Roach Hydra 

Get SALT Encoding   

  12  0:01  Drone  
  13  0:13  Overlord  
  13  0:18  Drone  
  14  0:31  Drone x2  
  16  0:49  Hatchery  
  15  0:53  Drone  
  15  0:57  Drone  
  17  1:00  Drone  
  18  1:11  Extractor  
  18  1:16  Spawning Pool  
  16  1:21  Drone  
  16  1:22  Drone  
  18  1:29  Drone  
  19  1:39  Overlord  
  19  1:51  Drone  
  20  2:03  Queen x2  
  20  2:04  Zergling x4  
  26  2:11  Zergling x2  
  26  2:13  Metabolic Boost  
  27  2:18  Drone  
  28  2:23  Drone  
  28  2:24  Drone  
  30  2:33  Drone  
  31  2:44  Hatchery  
  31  2:47  Drone  
  31  2:48  Drone  
  32  2:52  Overlord  
  32  2:57  Drone x2  
  34  3:05  Overlord  
  34  3:08  Queen  
  35  3:20  Drone x5  
  35  3:22  Drone  
  40  3:30  Drone x2  
  40  3:33  Spore Crawler  
  41  3:35  Spore Crawler  
  41  3:37  Drone  
  40  3:50  Zergling x12  
  46  3:58  Spore Crawler  
  46  4:00  Drone  
  46  4:04  Overlord  
  46  4:08  Overlord  
  46  4:10  Lair, Drone  
  46  4:11  Drone x2  
  50  4:24  Drone  
  50  4:25  Extractor  
  50  4:27  Extractor  
  50  4:29  Drone x2  
  50  4:30  Roach Warren  
  49  4:31  Extractor  
  49  4:34  Drone x5  
  49  4:37  Drone x2  
  55  4:38  Drone  
  55  4:46  Drone x2  
  55  4:48  Overlord  
  57  4:55  Overlord x2  
  57  4:58  Drone  
  57  4:59  Drone  
  59  5:04  Drone, Evolution Chamber  
  59  5:09  Glial Reconstitution  
  59  5:24  Roach x9  
  79  5:28  Roach  
  79  5:37  Overlord  
  79  5:39  Roach x5  
  89  5:55  Extractor  
  89  5:56  Extractor, Overlord x2  
  87  5:57  Drone x3  
  90  6:05  Zerg Missile Weapons Level 1  
  90  6:07  Overlord  
  90  6:08  Overlord x2  
  90  6:09  Hydralisk Den  
  89  6:11  Drone  
  89  6:23  Roach x8  
  105  6:31  Drone x3  
  108  6:33  Drone x3  
  108  6:34  Drone x2  
  108  6:39  Grooved Spines  
  111  6:46  Roach x6  
  123  6:54  Overlord x3  
  123  6:57  Ravager x2  
  123  7:00  Zergling x6  
  128  7:07  Drone x2  
  128  7:08  Overlord  
  130  7:09  Overlord  
  130  7:10  Overlord  
  129  7:24  Hydralisk x6  
  129  7:26  Hydralisk  
  142  7:43  Hydralisk x6  
  147  7:58  Hydralisk x4  
  139  8:02  Zergling x2  
  139  8:03  Zergling x10  
  145  8:09  Zergling x14  
  145  8:10  Lurker Den  
  139  8:17  Drone x2  
  130  8:22  Muscular Augments  
  127  8:35  Hatchery  
  126  8:49  Roach x12  
  150  8:57  Overlord x3  
  150  8:58  Zerg Missile Weapons Level 2  
  150  9:03  Drone  
  150  9:05  Nydus Network  
  150  9:09  Overseer  
  150  9:15  Overlord x3  
  150  9:19  Drone  
  150  9:20  Drone x4  
  150  9:22  Extractor  
  150  9:23  Extractor  
  153  9:25  Queen  
  153  9:26  Infestation Pit  
  154  9:45  Hydralisk x4  
  162  9:53  Drone x3  
  162  9:56  Hatchery  
  162  9:57  Spore Crawler  
  162  9:59  Roach x4  
  171  10:07  Drone  
  171  10:08  Drone x2  
  174  10:14  Hive  
  155  10:53  Overlord x2  
  155  10:57  Spire  
  154  11:00  Lurker x8  
  154  11:01  Lurker  
  154  11:02  Lurker  
  154  11:03  Overlord x4  
  164  11:08  Queen  
  166  11:15  Drone x7  
  166  11:17  Drone x4  
  166  11:18  Extractor  
  176  11:19  Drone x3  
  176  11:20  Extractor, Drone x3  
  176  11:22  Drone  
  182  11:32  Adaptive Talons  
  182  11:34  Zerg Melee Weapons Level 1  
  182  11:39  Evolution Chamber  
  181  12:05  Zerg Missile Weapons Level 3  
  181  12:08  Corruptor x9  
  181  12:10  Greater Spire  
  181  12:12  Spore Crawler x2  
  119  13:15  Hydralisk  
  119  13:16  Hydralisk x25  
  119  13:17  Hydralisk  
  119  13:18  Zergling x26  
  170  13:31  Brood Lord x5  
  182  13:34  Brood Lord  
  172  13:54  Hydralisk x10  
  185  14:01  Overseer  
  185  14:02  Overseer x3  
  163  14:19  Hydralisk x9  
  167  14:28  Hydralisk x4  
  167  14:37  Roach x6  
  167  14:46  Roach x5  
Tags
 
Add a new tag
Caveats
  • Supply blocks, unpowered buildings, or Contaminate may cause inaccurate times.
  • Supply counts are checked every 10 seconds.